 Dungeon Crawl Stone Soup version 0.19-a0-1827-g174f941 (webtiles) character file.

2312 dobroeutro the Basher (level 9, -2/58 HPs)
             Began as a Gargoyle Fighter on Oct 7, 2016.
             Was an Initiate of Makhleb.
             Slain by an angel
             ... wielding a +3 sacred scourge of holy wrath
             ... created by the Shining One
              (15 damage)
             ... on level 7 of the Dungeon.
             The game lasted 00:09:36 (5514 turns).

dobroeutro the Basher (Gargoyle Fighter)            Turns: 5514, Time: 00:09:37

Health: -2/58      AC: 17    Str: 25    XL:     9   Next: 41%
Magic:  0/9        EV:  7    Int: 10    God:    Makhleb [......]
Gold:   386        SH: 10    Dex: 10    Spells: 0 memorised, 8 levels left

rFire  + + .     SeeInvis .     I - +10 morningstar of Impatience {drain, Fragile rPois rF+ Str+4}
rCold  . . .     Gourm    .     b - +0 scale mail
rNeg   + . .     Faith    .     c - +1 shield
rPois  ∞         Spirit   +     (helmet restricted)
rElec  +         Dismiss  .     (no cloak)
rCorr  .         Reflect  .     q - +2 pair of gloves
MR     +....     Harm     .     (no boots)
Stlth  .......... Rnd*Rage +    C - amulet of guardian spirit
                                r - ring of protection from fire
                                y - ring of protection from magic

@: glowing
A: antennae 1, hooves 1, rugged brown scales 1, berserk 1, negative energy
resistance 1, electricity resistance, wild magic 1, unbreathing, petrification
resistance, rot immunity, AC +5
a: Renounce Religion


You were on level 7 of the Dungeon.
You worshipped Makhleb.
Makhleb was noncommittal.
You were not hungry.

You visited 2 branches of the dungeon, and saw 8 of its levels.

You collected 386 gold pieces.

Inventory:

Hand Weapons
 a - a +0 flail
 w - a +4 whip
 I - the +10 morningstar of Impatience (weapon) {drain, Fragile rPois rF+ Str+4}
   (You found it on level 7 of the Dungeon)

   A truly terrible weapon, it drains the life of those it strikes.
   It affects your strength (+4).
   It protects you from fire.
   It protects you from poison.
   It will be destroyed if unequipped.
Armour
 b - a +0 scale mail (worn)
 c - a +1 shield (worn)
 q - a +2 pair of gloves (worn)
Jewellery
 g - an uncursed ring of protection from cold
 r - a ring of protection from fire (right hand)
 x - an uncursed amulet of the gourmand
 y - a ring of protection from magic (left hand)
 C - an amulet of guardian spirit (around neck)
Wands
 t - a wand of acid (3/15)
 E - a wand of polymorph (13/24)
Scrolls
 e - 8 scrolls of identify {unknown}
 l - a scroll of fog {unknown}
 m - a scroll of blinking {unknown}
 n - a scroll of noise
 s - 2 scrolls of amnesia {unknown}
 u - 3 scrolls of teleportation {unknown}
Potions
 d - a potion of might
 o - 5 potions of curing
 p - a potion of cure mutation {unknown}
 v - a potion of heal wounds {unknown}
 B - a potion of lignification {unknown}
 H - a potion of resistance {unknown}
Books
 A - a book of Cantrips

   Spells                             Type                      Level
   a - Confusing Touch                Hexes                        1
   b - Animate Skeleton               Necromancy                   1
   c - Summon Small Mammal            Summoning                    1
   d - Apportation                    Translocation                1
Comestibles
 f - 6 bread rations
 h - 6 meat rations
 i - 3 beef jerkies
 z - 2 royal jellies
 D - 5 chunks of flesh
 G - 4 fruits


   Skills:
 + Level 7.5 Fighting
 * Level 9.1 Maces & Flails
 + Level 7.1 Armour
 - Level 3.2 Shields


You had 8 spell levels left.
You didn't know any spells.

Dungeon Overview and Level Annotations

Branches:
Dungeon (7/15)             Temple (1/1) D:4

Altars:
Ashenzari
Cheibriados
Dithmenos
Fedhas
Gozag
Hepliaklqana
Kikubaaqudgha
Makhleb
Okawaru
Qazlal
Ru
Sif Muna
Vehumet
Yredelemnul
Zin
The Shining One

Shops:
D:5 :}**


Innate Abilities, Weirdness & Mutations

You are resistant to torment.
Your stone body is resilient. (AC +5)
You are immune to poison.
You resist negative energy. (rN+)
You are resistant to electric shocks. (rElec)
You can survive without breathing.
You are immune to petrification.
You are immune to rotting.
You have a pair of small antennae on your head.
You have large cloven feet.
You are partially covered in rugged brown scales. (AC +1, +3% HP)
You tend to lose your temper in combat.
Your spells are a little harder to cast, but a little more powerful.


Message History

The angel hits you but does no damage. You block the angel's attack.
The angel hits you but does no damage.
As you read the scroll labeled DOFACE QUAMME, it crumbles to dust.
You hear a loud clanging noise!
It was a scroll of noise.
The angel hits you but does no damage. You block the angel's attack.
The angel barely misses you. You block the angel's attack.
The angel hits you with a whip of holy wrath.
* * * LOW HITPOINT WARNING * * *
The angel hits you but does no damage.
As you read the scroll labeled ISODUL VUCH, it crumbles to dust.
You feel blessed for a moment.
It was a scroll of remove curse.
The angel hits you with a whip of holy wrath.
* * * LOW HITPOINT WARNING * * *
You block the angel's attack. x2; The angel barely misses you.
The angel hits you with a whip of holy wrath.
* * * LOW HITPOINT WARNING * * *
The angel hits you but does no damage.
The angel hits you with a sacred scourge of holy wrath!
You die...

..###......#
#...#......) .
.........>.. ..
#........... ...
#..#....... .... ###
#..#...(... ..... ..#
###...##.#.##
......##.###...#.##...#
......A@A......#.....##
......##A##....#.#...###
..... #..(.............
.... ###..............
..... ###..........#. ..
... #........#.... . #.#
##.....##.#....
#..###..##.#........
###.........÷.......#


You could see 3 angels.

Vanquished Creatures
  The ghost of ilikecats the Cleaver, a novice MiCK of Xom (D:4)
  Grinder (D:5)
  A hippogriff (D:7)
  3 ice beasts
  A sky beast (D:4)
  3 ogres
  A centaur (D:7)
  A big kobold (D:7)
  Blork the orc (D:5)
  2 bullfrogs (D:6)
  A jelly (D:6)
  2 crimson imps (D:6)
  4 hounds
  An orc priest (D:4)
  2 orc wizards (D:6)
  A worker ant (D:5)
  7 gnolls
  16 adders
  A shadow imp (D:7)
  An ooze (D:1)
  2 adder skeletons
  2 worms
  6 leopard geckos
  14 orcs
  5 giant cockroaches
  8 goblins
  2 hobgoblins (D:3)
  8 jackals
  4 quokkas
  2 bats
  2 frilled lizards
  5 kobolds
  2 quokka skeletons
  9 rats
122 creatures vanquished.

Notes
Turn   | Place    | Note
-------+----------+-------------------------------------------
     0 | D:1      | dobroeutro the Gargoyle Fighter began the quest for the Orb.
     0 | D:1      | Reached XP level 1. HP: 14/14 MP: 1/1
   125 | D:1      | Reached XP level 2. HP: 15/19 MP: 2/2
   744 | D:2      | Reached skill level 3 in Maces & Flails
   744 | D:2      | Reached XP level 3. HP: 20/24 MP: 3/3
   961 | D:2      | Reached XP level 4. HP: 21/29 MP: 4/4
  1408 | D:3      | Reached skill level 4 in Maces & Flails
  1414 | D:3      | Reached XP level 5. HP: 33/33 MP: 5/5
  1786 | D:4      | Noticed ilikecats's ghost (novice MiCK)
  1829 | D:4      | Killed ilikecats's ghost
  1829 | D:4      | Reached skill level 5 in Fighting
  1829 | D:4      | Reached skill level 5 in Maces & Flails
  1829 | D:4      | Reached XP level 6. HP: 35/40 MP: 3/6
  1829 | D:4      | Reached XP level 7. HP: 38/44 MP: 3/7
  1899 | D:4      | Found a staircase to the Ecumenical Temple.
  1920 | Temple   | Entered the Ecumenical Temple
  2076 | Temple   | Became a worshipper of the Shining One
  2170 | D:4      | Found a stormy altar of Qazlal.
  2233 | D:4      | Reached skill level 6 in Maces & Flails
  2298 | D:4      | Reached skill level 5 in Armour
  2669 | D:4      | Gained mutation: Your spells are a little harder to cast, but a little more powerful. [mutagenic meat]
  2672 | D:4      | Gained mutation: You tend to lose your temper in combat. [mutagenic meat]
  2675 | D:4      | Gained mutation: You are partially covered in rugged brown scales. (AC +1, +3% HP) [mutagenic meat]
  2681 | D:4      | Gained mutation: You have a pair of small antennae on your head. [mutagenic meat]
  2684 | D:4      | Gained mutation: You have large cloven feet. [mutagenic meat]
  2838 | D:5      | Entered Level 5 of the Dungeon
  2840 | D:5      | Found Nimocwa's Assorted Antiques.
  2882 | D:5      | Found Ytynu's Gadget Shoppe.
  2916 | D:5      | Reached XP level 8. HP: 16/52 MP: 8/8
  3364 | D:5      | Reached skill level 7 in Maces & Flails
  3437 | D:5      | Noticed Blork the orc
  3470 | D:5      | Killed Blork the orc
  3654 | D:5      | Found Eggaffot's Book Emporium.
  3702 | D:5      | Found Daisk's Assorted Antiques.
  3742 | D:5      | Noticed Grinder
  3766 | D:5      | Killed Grinder
  4128 | D:6      | Reached skill level 8 in Maces & Flails
  4462 | D:6      | Found a snail-covered altar of Cheibriados.
  4528 | D:6      | Found a radiant altar of Vehumet.
  4650 | D:6      | Reached XP level 9. HP: 58/58 MP: 9/9
  5031 | D:7      | Reached * piety under the Shining One
  5183 | D:7      | Got an ichor-stained morningstar
  5184 | D:7      | Identified the +10 morningstar of Impatience {drain, Fragile rPois rF+ Str+4} (You found it on level 7 of the Dungeon)
  5185 | D:7      | Fell from the grace of the Shining One
  5236 | D:4      | Reached skill level 9 in Maces & Flails
  5293 | Temple   | Became a worshipper of Makhleb the Destroyer
  5510 | D:7      | Noticed an angel
  5510 | D:7      | Noticed an angel
  5510 | D:7      | Noticed an angel
  5514 | D:7      | Slain by an angel

Vault maps used:
D:1:      scummos_arrival_simple_fountains
D:4:      overflow_temple_1_default, first_bread
D:5:      serial_shops, shop, shop_statue, nicolae_shop_overgrown_old_shop,
          kennysheep_mini, uniq_grinder, uniq_blork_the_orc
D:6:      lemuel_coloured_pillars_altar, cheibrodos_worm_habitat,
          bh_walls_and_bars
D:7:      kennysheep_little_box
Temple:   nicolae_temple_figure_eight

Skill      XL: |  1  2  3  4  5  6  7  8  9 |
---------------+----------------------------+-----
Maces & Flails | 3 4 5 6 8 9 |  9.1
Fighting       | 4 5 7 |  7.5
Armour         | 4 5 6 7 |  7.1
Shields        | |  3.2

Action                   |  1- 3 |  4- 6 |  7- 9 || total
-------------------------+-------+-------+-------++-------
Melee: Flail             |   145 |    62 |    44 ||   251
       Whip              |       |    92 |   394 ||   486
       Kick              |       |       |    85 ||    85
       Morningstar       |       |       |     6 ||     6
Invok: Renounce Religion |       |       |     1 ||     1
  Use: Scroll            |       |       |     4 ||     4
  Eat: Chunk             |     1 |     1 |    23 ||    25
       Beef jerky        |       |       |     1 ||     1
Armor: Scale mail        |    85 |    59 |   206 ||   350
Dodge: Dodged            |    62 |    40 |   104 ||   206
Block: Shield            |    82 |    65 |   151 ||   298
